 Dungeon Crawl Stone Soup version 0.25.0-37-gb73750e0fb (webtiles) character file.

Game seed: 5468430614636378137

37 ANON1729 the Skirmisher (level 3, -2/30 HPs)
             Began as a Formicid Abyssal Knight on July 9, 2020.
             Was a Believer of Lugonu.
             Slain by a gnoll
             ... wielding a +0 spear
              (6 damage)
             ... on level 2 of the Dungeon.
             The game lasted 00:01:56 (1574 turns).

ANON1729 the Skirmisher (Formicid Abyssal Knight)   Turns: 1574, Time: 00:01:57

Health: -2/30      AC:  3    Str: 17    XL:     3   Next: 60%
Magic:  5/5        EV: 11    Int: 11    God:    Lugonu [**....]
Gold:   30         SH:  0    Dex: 10    Spells: 2/2 levels left

rFire    . . .     SeeInvis +   a - +1 short sword
rCold    . . .     Gourm    .   (no shield)
rNeg     . . .     Faith    .   b - +0 leather armour
rPois    .         Spirit   .   (helmet unavailable)
rElec    .         Reflect  .   (no cloak)
rCorr    .         Harm     .   (no gloves)
MR       .....                  (no boots)
Stlth    +.........             (no amulet)
HPRegen  0.10/turn              (no ring)
MPRegen  0.09/turn              (no ring)

@: no status effects
A: permanent stasis, dig shafts and tunnels, four strong arms, antennae 3
a: Dig, Shaft Self, Depart the Abyss, Bend Space, Renounce Religion


You were on level 2 of the Dungeon.
You worshipped Lugonu.
Lugonu was pleased with you.
You were not hungry.

You visited 1 branch of the dungeon, and saw 2 of its levels.
You visited the Abyss 1 time.

You collected 30 gold pieces.

Inventory:

Hand Weapons
 a - a +1 short sword (weapon)
Missiles
 e - a throwing net (quivered)
Armour
 b - a +0 leather armour (worn)
Scrolls
 d - 2 scrolls of blinking {unknown}
 g - a scroll of noise {unknown}
 h - a scroll of immolation {unknown}
 i - 4 scrolls of identify {unknown}
 j - a scroll of remove curse {unknown}
 k - a scroll of teleportation {unknown}
 l - a scroll of acquirement {unknown}
Potions
 f - a potion of lignification {unknown}
Comestibles
 c - 5 rations
 m - a chunk of flesh


   Skills:
 + Level 3.6 Fighting
 + Level 2.4 Short Blades
 + Level 2.6 Armour
 + Level 1.4 Dodging
 + Level 2.7 Invocations


You had 2 spell levels left.
You didn't know any spells.
Your spell library was empty.

Dungeon Overview and Level Annotations

Branches:
Dungeon (2/15)

Altars:


Innate Abilities, Weirdness & Mutations

You cannot be hasted, slowed, berserked, paralysed or teleported.
You can dig through walls and to a lower floor.
Your four strong arms can wield two-handed weapons with a shield.
You have a pair of large antennae on your head. (SInv)


Message History

The gnoll hits you from afar with a +0 halberd.
The gnoll hits you with a +0 spear!
You are too injured to fight recklessly!
You are too injured to fight recklessly!
You are too injured to fight recklessly!
You are too injured to fight recklessly!
There are monsters nearby!
The gnoll closely misses you.
You see here a hobgoblin corpse.
A dart slug comes into view.
The gnoll hits you but does no damage.
You see here a ration.
The gnoll hits you with a +0 spear.
You hit the gnoll.
The gnoll is heavily wounded.
The gnoll hits you with a +0 spear!
* * * LOW HITPOINT WARNING * * *
The gnoll barely misses you.
The gnoll hits you from afar with a +0 spear.
You die...

# ####.
......###########
.....gwlggg.@...#
......#########.#
..... #.# ....
#.# ... #.# ..
#.# . ###'######
#........#
.#######....>...#


You could see 4 gnolls, a dart slug and a frilled lizard.

Vanquished Creatures
  An adder (D:2)
  An ooze (D:1)
  A leopard gecko (D:1)
  3 bats
  A goblin (D:1)
  4 hobgoblins
  4 kobolds
  2 ball pythons (D:1)
  3 frilled lizards
  2 rats (D:1)
22 creatures vanquished.

Notes
Turn   | Place    | Note
-------+----------+-------------------------------------------
     0 | Abyss:1  | ANON1729 the Formicid Abyssal Knight began the quest for
                  | the Orb.
     0 | Abyss:1  | Reached XP level 1. HP: 18/18 MP: 2/2
   155 | Abyss:1  | Noticed a rust devil
   163 | D:1      | Escaped the Abyss
   269 | D:1      | Reached skill level 1 in Dodging
   618 | D:1      | Reached XP level 2. HP: 24/24 MP: 3/3
   989 | D:1      | Reached XP level 3. HP: 26/29 MP: 4/4
  1501 | D:2      | Reached ** piety under Lugonu
  1574 | D:2      | Slain by a gnoll

Illustrated notes

Levels and vault maps discovered:
D:1:      dpeg_arrival_circle_labyrinth_a, layout_basic, minivault_5
D:2:      layout_basic, first_ration

Skill      XL: |  1 |
---------------+----+-----
Dodging        | 1 |  1.4
Fighting       | |  3.6
Short Blades   | |  2.4
Armour         | |  2.6
Invocations    | |  2.7

Action                   || total
-------------------------++-------
Melee: Short sword       ||    72
  Eat: Chunk             ||     2
Armor: Leather armour    ||    20
Dodge: Dodged            ||    42
